Map: Tokamak LE

Players

SubN - Winner!

  • Race: Zerg Zerg
  • League: Diamond
  • Spawn Location: 1:00

Darknal

  • Race: Zerg Zerg
  • League: Master
  • Spawn Location: 7:00

VOD

Have the link to the VOD?

Description

Time

  • Played on: July 30, 2025, 10:19 p.m.
  • Length: 3:03
Show
View Real Time Build Order
Export as new Build Order

SubN Zerg - Winner!

Build Orders: Pool First 

Get SALT Encoding   

  12  0:00  Drone  
  13  0:08  Drone  
  13  0:12  Extractor  
  13  0:28  Spawning Pool  
  12  0:56  Hatchery  
  11  1:16  Queen  
  13  1:25  Metabolic Boost  
  13  1:35  Overlord  
  13  1:40  Zergling x2  
  14  1:53  Zergling x4  
  16  1:58  Zergling x2  
  17  2:09  Zergling x4  
  19  2:22  Zergling x4  
  21  2:26  Zergling x4  
  21  2:27  Zergling x2  
  24  2:42  Zergling x6  
Show
View Real Time Build Order
Export as new Build Order

Darknal Zerg 

Build Orders: Hatch First 

Get SALT Encoding   

  12  0:03  Drone  
  13  0:09  Drone  
  14  0:21  Extractor  
  14  0:22  Drone  
  14  0:23  Drone, Extractor  
  16  0:42  Hatchery  
  15  0:47  Overlord  
  15  1:03  Spawning Pool  
  14  1:06  Drone  
  14  1:08  Drone  
  16  1:13  Drone  
  17  1:22  Drone  
  17  1:25  Extractor  
  17  1:27  Drone  
  18  1:38  Drone  
  19  1:52  Zergling x2  
  19  1:54  Queen x2  
  20  1:55  Zergling x2  
  25  2:01  Overlord  
  25  2:07  Drone  
  26  2:11  Drone  
  27  2:21  Drone  
  27  2:22  Overlord  
  28  2:26  Drone  
  29  2:37  Drone  
  29  2:38  Drone  
  29  2:45  Spine Crawler  
  29  2:48  Spine Crawler  
  27  2:55  Evolution Chamber  
Tags
 
Matchup
ZvZ
Race
Zerg
Replay Pack
Multiplayer
Spawn Locations
Cross Positions
Add a new tag
Caveats
  • Supply blocks, unpowered buildings, or Contaminate may cause inaccurate times.
  • Supply counts are checked every 10 seconds.